AoeStats
← Galagorth

Fortress

509548963Analyzed
4v4 RM · 5d ago on Sep 27, 2026· 21m 56s· 8 players
Game mode
Random Map
Map size
Huge
Population
200
Speed
Normal
Resources
Standard
Victory
Conquest
Starting age
Dark Age
Ending age
Imperial Age
RankedLock teamsTeams togetherTeam positionsShared explorationLock speedFull tech treeHidden civsTurbo modeCheats
Victory
Defeat
🇨🇳 Turks · China
1029
+13
🇵🇪 Bulgarians · Peru
1016
+14
🇨🇭 Byzantines · Switzerland
989
+15
🇨🇦 Spanish · Canada
966
+16
🇨🇳 Chinese · China
1061
-25
🇹🇼 Franks · Taiwan
967
-14
🇻🇳 Huns · Vietnam
930
-13
🇦🇺 Gurjaras · Australia
903
-12
croissant
6:39 Loom
9:41 Feudal Age
8:35 Loom
12:23 Double-Bit Axe
12:20 Horse Collar
13:39 Wheelbarrow
16:57 Castle Age
15:51 Forging
18:58 Gold Mining
18:59 Stone Mining
21:04 Pikeman
21:45 Squires
22:17 Arson
Astro
7:21 Feudal Age
6:32 Loom
13:13 Wheelbarrow
DazHkaka
8:47 Feudal Age
12:50 Castle Age
17:53 Imperial Age
16:31 Double-Bit Axe
16:49 Padded Archer Armor
18:16 Leather Archer Armor
Galagorth
心死就在一瞬間
1:26 Loom
7:28 Feudal Age
12:21 Castle Age
13:38 Double-Bit Axe
SmokingAllen
LE MINH NHAT
0:28 Loom
10:57 Feudal Age
12:32 Double-Bit Axe
15:43 Castle Age
18:00 Bow Saw
19:44 Gold Mining
21:10 Gold Shaft Mining
20:33 Horse Collar
863111034
9:41 Feudal Age
Connection lost

Rejoining the realm…

Still unreachable

The connection could not be restored.

Session expired

The server has moved on; the page needs a fresh start.